 Dungeon Crawl Stone Soup version 0.21.1-1-g345015f (webtiles) character file.

65671 JeffiDaFish the Warrior (level 14, -1/136 HPs)
             Began as a Minotaur Chaos Knight on Feb 19, 2018.
             Splashed by a brown ugly thing's acid (3 damage)
             ... while paralysed by a vampire knight
             ... on level 14 of the Dungeon on Feb 20, 2018.
             The game lasted 01:04:55 (21555 turns).

JeffiDaFish the Warrior (Minotaur Chaos Knight)    Turns: 21555, Time: 01:04:56

Health: -1/136     AC: 21    Str: 26      XL:     14   Next: 76%
Magic:  17/17      EV:  2    Int: 15      God:    Xom [..*...]
Gold:   1241       SH:  0    Dex: 13 (14) Spells: 11/13 levels left

rFire    + + +     SeeInvis +   f - +8 hand axe (freeze)
rCold    + + +     Gourm    .   x - +0 buckler {AC+3}
rNeg     . . .     Faith    .   A - +0 fire dragon scales
rPois    +         Spirit   .   (helmet unavailable)
rElec    +         Reflect  .   E - scarf {repulsion}
rCorr    +         Harm     .   p - +0 pair of gloves "Meoskun" {rF++ MR- Str+6}
MR       +....     Clarity  +   e - +2 pair of boots of Analysis {+Inv rPois rC++ Int+4}
Stlth    +.........             D - amulet of Mezam {RegenMP rElec rC+}
HPRegen  0.72/turn              u - ring of resist corrosion
MPRegen  0.40/turn              G - +4 ring of evasion

@: paralysed, repel missiles
A: retaliatory headbutt, horns 3, talons 1, thin skeletal structure 1, see
invisible, clarity, clever 1, cold resistance 3, deterioration 1, fire
resistance 2, high mp 1, magic resistance 1, sense surroundings 1, poison
resistance, regeneration 1, screaming 1, wild magic 2, sturdy frame 1
a: Renounce Religion, Evoke Invisibility


You were on level 14 of the Dungeon.
You worshipped Xom.
You were a toy of Xom.
You were hungry.

You visited 2 branches of the dungeon, and saw 20 of its levels.

You collected 1989 gold pieces.
You spent 748 gold pieces at shops.

Inventory:

Hand Weapons
 f - a +8 hand axe of freezing (weapon)
 C - a +1 morningstar of draining
Armour
 e - the +2 pair of boots of Analysis (worn) {+Inv rPois rC++ Int+4}
   (Xom gifted it to you on level 5 of the Dungeon)

   It affects your intelligence (+4).
   It greatly protects you from cold.
   It protects you from poison.
   It lets you turn invisible.
 p - the +0 pair of gloves "Meoskun" (worn) {rF++ MR- Str+6}
   (Xom gifted it to you on level 7 of the Dungeon)

   It affects your strength (+6).
   It greatly protects you from fire.
   It affects your resistance to hostile enchantments.
 x - a +0 buckler of protection (worn)
 A - +0 fire dragon scales (worn)
 E - a scarf of repulsion (worn)
Jewellery
 u - a ring of resist corrosion (left hand)
 w - an uncursed ring of protection from cold
 D - the amulet of Mezam (around neck) {RegenMP rElec rC+}
   (You found it on level 3 of the Lair of Beasts)

   [amulet of magic regeneration]

   It increases your magic regeneration.
   It protects you from cold.
   It insulates you from electricity.
 F - an uncursed amulet of regeneration
 G - a +4 ring of evasion (right hand)
Wands
 d - a wand of paralysis (33)
 g - a wand of acid (11)
 z - a wand of disintegration (12)
Scrolls
 b - 2 scrolls of magic mapping
 h - 13 scrolls of teleportation
 j - 5 scrolls of amnesia
 n - 16 scrolls of remove curse
 v - a scroll of blinking
 H - a scroll of enchant armour
Potions
 i - 3 potions of haste
 l - a potion of cancellation
 q - 2 potions of agility
 r - 5 potions of might
 s - 4 potions of heal wounds
 t - 8 potions of curing
Books
 a - a book of Maledictions

   Spells                             Type                      Level
   a - Corona                         Hexes                        1
   b - Ensorcelled Hibernation        Hexes/Ice                    2
   c - Confuse                        Hexes                        3
   d - Tukima's Dance                 Hexes                        3
   e - Dazzling Spray                 Conjuration/Hexes            3
 m - a book of Geomancy

   Spells                             Type                      Level
   a - Sandblast                      Earth                        1
   b - Passwall                       Transmutation/Earth          2
   c - Stone Arrow                    Conjuration/Earth            3
   d - Petrify                        Transmutation/Earth          4
   e - Lee's Rapid Deconstruction     Earth                        5
 o - a book of Minor Magic

   Spells                             Type                      Level
   a - Magic Dart                     Conjuration                  1
   b - Blink                          Translocation                2
   c - Call Imp                       Summoning                    2
   d - Slow                           Hexes                        2
   e - Conjure Flame                  Conjuration/Fire             3
   f - Mephitic Cloud                 Conjuration/Poison/Air       3
 y - a book of Air

   Spells                             Type                      Level
   a - Shock                          Conjuration/Air              1
   b - Swiftness                      Charms/Air                   2
   c - Static Discharge               Conjuration/Air              3
   d - Airstrike                      Air                          4
   e - Lightning Bolt                 Conjuration/Air              5
Comestibles
 c - 37 rations
 B - 17 chunks of flesh


   Skills:
 * Level 15.9 Fighting
 * Level 14.9 Axes
 + Level 13.6 Armour
 + Level 14.0 Dodging
 - Level 1.8 Stealth
 - Level 6.1 Shields
 + Level 4.0 Evocations


You had 11 spell levels left.
You knew the following spells:

 Your Spells              Type           Power        Failure   Level  Hunger
a - Blink                 Tloc           N/A          71%         2    ###....


Dungeon Overview and Level Annotations

Branches:
Dungeon (14/15)            Temple (0/1) D:7            Lair (6/6) D:8
 Shoals (0/4) Lair:3        Snake (0/4) Lair:4        Slime (0/5) Lair:6
    Orc (0/2) D:11         Vaults (0/5) D:14

Altars:
Ashenzari
Gozag
Xom
Jiyva

Shops:
D:12 !

Portals:
Trove: D:10 (show slimy rune of Zot)


Innate Abilities, Weirdness & Mutations

You reflexively headbutt those who attack you in melee.
You have a pair of large horns on your head.
You have sharp toenails.
You have a somewhat thin skeletal structure. (Dex +2, Stealth)
You have supernaturally acute eyesight. (SInv)
You possess an exceptional clarity of mind.
Your mind is acute. (Int +2)
Your flesh is almost immune to the effects of cold. (rC+++)
Your body sometimes deteriorates upon taking damage.
Your flesh is very heat resistant. (rF++)
You have an increased reservoir of magic. (+10% MP)
You are resistant to hostile enchantments. (MR+)
You passively map a small area around you.
Your system is resistant to poisons. (rPois)
Your natural rate of healing is unusually fast.
You occasionally shout uncontrollably at your foes.
Your spells are harder to cast, but more powerful.
Your movements are slightly less encumbered by armour. (ER -2)


Message History

The vampire knight hits you with a broad axe of electrocution.
* * * LOW HITPOINT WARNING * * *
The vampire knight bites you but does no damage.
You are feeling hungry.
The brown ugly thing tentacle-slaps you!
* * * LOW HITPOINT WARNING * * *
You are splashed with acid!
The acid burns!
You resist.
* * * LOW HITPOINT WARNING * * *
The purple ugly thing basks in the mutagenic energy from its kin and changes!
The purple ugly thing stings you but does no damage.
The vampire knight hits you but does no damage.
The vampire knight bites you!
* * * LOW HITPOINT WARNING * * *
The vampire knight draws strength from your injuries!
The cyan ugly thing gores you but does no damage.
The brown ugly thing tentacle-slaps you.
* * * LOW HITPOINT WARNING * * *
You are splashed with acid!
The acid burns!
You resist.
You die...
Xom cackles wildly!

#....≈≈#### , ##....####≈≈(...#
#....≈≈≈≈≈##........##≈≈≈≈≈....#
##....≈≈≈≈≈##......##≈≈≈≈≈....##
#.....≈≈≈≈≈#......#≈≈≈≈≈.)...#
#......≈≈≈≈#......#≈≈≈≈.÷....#
##......≈≈≈###..###≈≈≈......##
#......(.≈≈≈(.D≈≈≈≈........#
##.........()uuu..........##
##.........)u@(.........##
###..((....V.....(...###
####(...........####
##############


You could see a storm dragon, a vampire knight (invisible) and 4 ugly things.

Vanquished Creatures
  Gastronok (D:10)
  A storm dragon (D:14)
  Louise (D:14)
  Snorg (Lair:4)
  A fire dragon (Lair:6)
  Fannar (D:12)
  6 centaur warriors
  6 hydras
  Erica (D:9)
  2 death yaks (Lair:4)
  2 tengu warriors (D:13)
  7 two-headed ogres
  Urug (D:14)
  Sonja (D:12)
  A hell knight (D:14)
  A wizard (D:14)
  2 orc knights (D:14)
  10 ugly things
  2 manticores
  Joseph (D:9)
  8 black mambas
  Psyche (D:9)
  3 molten gargoyles (Lair:6)
  2 gargoyles
  5 komodo dragons
  4 spiny frogs
  A kobold demonologist (D:11)
  2 freezing wraiths
  A rime drake (Lair:1)
  An efreet (D:14)
  A yaktaur (D:14)
  2 trolls
  A merfolk (Lair:3)
  2 polar bears (Lair:4)
  3 meliai (D:14)
  4 slime creatures
  10 hippogriffs
  4 blink frogs (Lair:4)
  A water elemental (D:14)
  A tarantella (shapeshifter) (D:13)
  14 yaks
  9 wyverns
  15 humans
  Grum (D:9)
  6 basilisks
  A hungry ghost (D:11)
  A spatial vortex (Lair:6)
  A steam dragon (Lair:6)
  2 vampire mosquitoes (D:13)
  2 hell hounds (Lair:6)
  11 porcupines
  An acid dragon (D:13)
  The ghost of JeffiDaFish the Skirmisher, an amateur OgCK of Xom (D:3)
  9 water moccasins
  2 slaves (D:6)
  5 sky beasts
  8 orc warriors
  A phantom (D:13)
  5 black bears
  8 ogres
  2 eyes of draining
  5 necrophages
  6 ice beasts
  20 wolves
  19 centaurs
  3 big kobolds
  9 crocodiles
  13 bullfrogs
  A gnoll sergeant (D:9)
  4 scorpions
  A wyvern skeleton (D:14)
  6 wights
  6 killer bees (D:12)
  2 howler monkeys
  6 electric eels
  4 lava snakes (Lair:6)
  2 bullfrog zombies
  5 crimson imps
  A centaur zombie (D:9)
  2 hounds
  9 jellies
  11 orc wizards
  A bullfrog skeleton (D:6)
  12 orc priests
  4 centaur skeletons
  8 worker ants
  7 iguanas
  A hound skeleton (D:4)
  A hound zombie (D:9)
  A mummy (D:10)
  13 gnolls
  8 adders
  5 shadow imps
  An ooze (D:1)
  2 adder skeletons
  A worm (D:4)
  4 dart slugs
  5 leopard geckos
  48 orcs
  3 ball pythons
  2 giant cockroaches (D:3)
  4 goblins
  4 hobgoblins
  19 jackals
  9 kobolds
  7 quokkas
  12 bats
  6 frilled lizards
  A giant cockroach zombie (D:5)
  A leopard gecko zombie (D:6)
  4 rats
  A fungus (Lair:5)
  5 plants
546 creatures vanquished.

Vanquished Creatures (collateral kills)
  A very ugly thing (D:14)
  Pikel (D:6)
  A lindwurm (Lair:6)
  A porcupine (Lair:1)
  An ogre (D:9)
  An electric eel (D:14)
  A lava snake (Lair:6)
  A worker ant (D:14)
  An orc (D:5)
9 creatures vanquished.

Vanquished Creatures (others)
  An unseen horror (D:14)
  A human (D:14)
  A hell hound (Lair:6)
  A jelly (D:6)
  A fire vortex (D:2)
  2 plants
7 creatures vanquished.

Grand Total: 562 creatures vanquished

Notes
Turn   | Place    | Note
-------+----------+-------------------------------------------
     0 | D:1      | JeffiDaFish the Minotaur Chaos Knight began the quest for the Orb.
     0 | D:1      | Reached XP level 1. HP: 19/19 MP: 0/0
    34 | D:1      | Reached XP level 2. HP: 27/27 MP: 1/1
    53 | D:1      | Reached skill level 4 in Fighting
    70 | D:1      | XOM: silly message
   132 | D:1      | XOM: harmless Fire miscast
   185 | D:1      | Reached XP level 3. HP: 33/33 MP: 2/2
   550 | D:2      | XOM: smoke on damage
   851 | D:2      | XOM: give mutations
   851 | D:2      | Gained mutation: You are dopey. (Int -2) [Xom's mischief]
   851 | D:2      | Gained mutation: Your body sometimes deteriorates upon taking damage. [Xom's mischief]
   851 | D:2      | Gained mutation: You occasionally shout uncontrollably at your foes. [Xom's mischief]
   952 | D:2      | Found a faded altar of an unknown god.
  1069 | D:2      | Reached skill level 5 in Axes
  1069 | D:2      | Reached XP level 4. HP: 41/41 MP: 3/3
  1127 | D:2      | Noticed an ogre
  1133 | D:2      | Killed an ogre
  1133 | D:2      | Reached XP level 5. HP: 19/47 MP: 4/4
  1339 | D:2      | XOM: give mutation
  1339 | D:2      | Gained mutation: You have a pair of large horns on your head. [Xom's grace]
  1389 | D:3      | Noticed JeffiDaFish's ghost (amateur OgCK)
  1395 | D:3      | XOM: confuse monster(s)
  1397 | D:3      | Reached skill level 5 in Fighting
  1402 | D:3      | XOM: enchant monster (good)
  1411 | D:3      | Killed JeffiDaFish's ghost
  1411 | D:3      | Reached XP level 6. HP: 42/56 MP: 5/5
  1591 | D:3      | XOM: harmless Chrm miscast
  1719 | D:3      | Found a shattered altar of Ashenzari.
  1801 | D:3      | XOM: silly message
  2096 | D:3      | XOM: god gift: scale mail {god gift}
  2505 | D:3      | XOM: 6-stop teleportation journey
  3042 | D:4      | Reached XP level 7. HP: 61/61 MP: 6/6
  3121 | D:4      | XOM: noise
  3212 | D:4      | XOM: harmless Conj miscast
  3231 | D:4      | XOM: potion effect (invisibility)
  3355 | D:4      | XOM is BORED!
  3355 | D:4      | XOM: severe Fire miscast
  3632 | D:5      | Entered Level 5 of the Dungeon
  3633 | D:5      | XOM: divination: detect creatures
  3801 | D:5      | XOM: summons 7 friendly demons
  3802 | D:5      | Reached skill level 6 in Fighting
  3808 | D:5      | Reached XP level 8. HP: 35/70 MP: 7/7
  3914 | D:5      | Found an opulent altar of Gozag.
  3949 | D:5      | Noticed Prince Ribbit
  3954 | D:5      | Noticed Prince Ribbit
  3954 | D:5      | Prince Ribbit changed into Prince Ribbit the wyvern
  3954 | D:5      | XOM: polymorph Prince Ribbit -> Prince Ribbit the wyvern
  3961 | D:5      | Killed Prince Ribbit the wyvern
  4040 | D:5      | XOM: god gift: pair of jewelled boots {god gift}
  4145 | D:5      | XOM: 2-stop teleportation journey
  4165 | D:5      | XOM: polymorph ogre -> scorpion
  4187 | D:5      | Found a transporter.
  4304 | D:5      | Found a transporter.
  4325 | D:5      | XOM: harmless Conj miscast
  4708 | D:6      | Reached skill level 5 in Armour
  4708 | D:6      | Reached skill level 1 in Stealth
  4754 | D:6      | XOM: potion effect (haste)
  4960 | D:6      | XOM: noise
  4971 | D:6      | Reached skill level 7 in Fighting
  4971 | D:6      | Reached skill level 1 in Evocations
  5054 | D:6      | XOM: confusion
  5063 | D:6      | XOM: swap monsters
  5070 | D:6      | Reached skill level 5 in Dodging
  5101 | D:6      | XOM: destruction
  5124 | D:6      | Noticed Pikel
  5131 | D:6      | XOM: noise
  5140 | D:6      | XOM: confusion (+ monsters)
  5149 | D:6      | Killed Pikel
  5149 | D:6      | Reached skill level 10 in Axes
  5149 | D:6      | Reached XP level 9. HP: 54/79 MP: 9/9
  5346 | D:6      | XOM: cloud trail
  5746 | D:6      | XOM: divination: detect items
  5808 | D:6      | XOM: 4-stop teleportation journey
  6069 | D:7      | XOM: god gift: pair of brightly glowing gloves {god gift}
  6070 | D:7      | Got a pair of brightly glowing gloves {god gift}
  6081 | D:7      | Identified the +0 pair of gloves "Meoskun" {rF++ MR- Str+6} (Xom gifted it to you on level 7 of the Dungeon)
  6137 | D:7      | XOM: cloud trail
  6236 | D:7      | Reached skill level 1 in Shields
  6747 | D:7      | XOM: god gift: wand of acid (8)
  7164 | D:7      | Found a staircase to the Ecumenical Temple.
  7259 | D:8      | XOM: cast spell 'Summon Butterflies'
  7268 | D:8      | Reached skill level 8 in Fighting
  7315 | D:8      | XOM: swap monsters
  7327 | D:8      | XOM: summons 2 friendly demons
  7528 | D:8      | Found a staircase to the Lair.
  7730 | D:8      | XOM: scenery: create altars
  7811 | D:9      | Reached skill level 5 in Shields
  8005 | D:9      | XOM: summons friendly quasit
  8008 | D:9      | Reached XP level 10. HP: 90/90 MP: 10/10
  8065 | D:9      | XOM: harmless Erth miscast
  8290 | D:9      | XOM: cloud trail
  8343 | D:9      | Noticed Grum
  8347 | D:9      | Reached skill level 9 in Fighting
  8364 | D:9      | Killed Grum
  8463 | D:9      | XOM: mild Conj miscast
  8468 | D:9      | Noticed Psyche
  8471 | D:9      | Killed Psyche
  8480 | D:9      | XOM: divination: detect creatures
  8498 | D:9      | Noticed Joseph
  8511 | D:9      | Killed Joseph
  8540 | D:9      | Learned a level 2 spell: Blink
  8593 | D:9      | XOM is BORED!
  8593 | D:9      | XOM: summons 4 hostile demons
  8699 | D:9      | XOM: god gift: 2 potions of heal wounds
  8715 | D:9      | XOM: mild Pois miscast
  8784 | D:9      | Noticed a two-headed ogre
  8789 | D:9      | Killed a two-headed ogre
  8842 | D:9      | Noticed Erica
  8842 | D:9      | XOM: mild Pois miscast
  8849 | D:9      | Killed Erica
  9338 | Lair:1   | Entered Level 1 of the Lair of Beasts
  9348 | Lair:1   | Reached skill level 10 in Fighting
  9357 | Lair:1   | XOM: harmless Tloc miscast
  9427 | Lair:1   | XOM: summons friendly shadow imp
  9488 | Lair:1   | XOM: summons friendly shadow imp
  9493 | Lair:1   | Reached XP level 11. HP: 79/99 MP: 11/11
  9706 | Lair:1   | XOM: divination: magic mapping
 10296 | Lair:2   | XOM: give mutation
 10296 | Lair:2   | Gained mutation: You have sharp toenails. [Xom's grace]
 10341 | Lair:2   | XOM: divine lightning
 10918 | Lair:2   | XOM: cloud trail
 11188 | Lair:2   | XOM: god gift: 670 gold pieces
 11235 | Lair:3   | XOM: fog
 11240 | Lair:3   | Reached skill level 10 in Armour
 11272 | Lair:3   | Got a vibrating copper amulet
 11273 | Lair:3   | Identified the amulet of Mezam {RegenMP rElec rC+} (You found it on level 3 of the Lair of Beasts)
 11459 | Lair:3   | XOM: give mutations
 11459 | Lair:3   | Gained mutation: Your spells are a little harder to cast, but a little more powerful. [Xom's grace]
 11459 | Lair:3   | Gained mutation: Your movements are slightly less encumbered by armour. (ER -2) [Xom's grace]
 11459 | Lair:3   | Gained mutation: You possess an exceptional clarity of mind. [Xom's grace]
 11674 | Lair:3   | XOM: polymorph basilisk -> water moccasin
 11719 | Lair:3   | XOM: give mutations
 11719 | Lair:3   | Gained mutation: You have a somewhat thin skeletal structure. (Dex +2, Stealth) [Xom's grace]
 11719 | Lair:3   | Gained mutation: Your flesh is cold resistant. (rC+) [Xom's grace]
 11719 | Lair:3   | Gained mutation: You have supernaturally acute eyesight. (SInv) [Xom's grace]
 11855 | Lair:3   | XOM: summons 2 friendly demons
 11985 | Lair:3   | XOM: medium Ice miscast
 12009 | Lair:3   | Found a staircase to the Shoals.
 12121 | Lair:3   | XOM: harmless Chrm miscast
 12388 | Lair:4   | XOM: stealth player
 12388 | Lair:4   | Noticed Snorg
 12400 | Lair:4   | Killed Snorg
 12400 | Lair:4   | Reached skill level 11 in Fighting
 12533 | Lair:4   | XOM: summons 7 friendly demons
 12596 | Lair:4   | Got a smoking granite ring
 12602 | Lair:4   | Identified the ring of Veuxargh {Wiz *Corrode rPois Str-5 Stlth+} (You found it on level 4 of the Lair of Beasts)
 12668 | Lair:4   | XOM: harmless Necr miscast
 12924 | Lair:4   | XOM: snakes to sticks
 12928 | Lair:4   | XOM: swap monsters
 12929 | Lair:4   | XOM: medium Hex miscast
 12933 | Lair:4   | Reached XP level 12. HP: 103/110 MP: 12/12
 13011 | Lair:4   | XOM: summons 6 hostile demons
 13129 | Lair:4   | Noticed a death yak
 13132 | Lair:4   | XOM: swap monsters
 13133 | Lair:4   | Noticed a death yak
 13156 | Lair:4   | XOM: confuse monster(s)
 13165 | Lair:4   | XOM: cleaving
 13173 | Lair:4   | XOM: confuse monster(s)
 13175 | Lair:4   | Killed a death yak
 13175 | Lair:4   | Reached skill level 10 in Dodging
 13178 | Lair:4   | Killed a death yak
 13230 | Lair:4   | XOM: 4-stop teleportation journey
 13412 | Lair:4   | Found a staircase to the Snake Pit.
 13721 | Lair:4   | XOM: god gift: 8 needles of confusion
 13831 | Lair:5   | XOM: polymorph black mamba -> troll
 13868 | Lair:5   | Noticed a five-headed hydra
 13873 | Lair:5   | Killed a five-headed hydra
 13873 | Lair:5   | Reached skill level 12 in Fighting
 13926 | Lair:5   | XOM: god gift: 16 stones
 14195 | Lair:5   | XOM: god gift: 7 needles of sleeping
 14226 | Lair:5   | XOM: cloud trail
 14565 | Lair:5   | XOM: scenery: 1 doors open
 14850 | Lair:5   | XOM: give mutations
 14850 | Lair:5   | Gained mutation: Your movements are less encumbered by armour. (ER -4) [Xom's grace]
 14850 | Lair:5   | Gained mutation: You are resistant to hostile enchantments. (MR+) [Xom's grace]
 14850 | Lair:5   | Gained mutation: Your system is resistant to poisons. (rPois) [Xom's grace]
 14965 | Lair:6   | Entered Level 6 of the Lair of Beasts
 15005 | Lair:6   | XOM: medium Ice miscast
 15015 | Lair:6   | Noticed a four-headed hydra
 15020 | Lair:6   | Killed a five-headed hydra
 15135 | Lair:6   | Noticed a seven-headed hydra
 15136 | Lair:6   | Found a staircase to the Slime Pits.
 15136 | Lair:6   | XOM: cast spell 'Shadow Creatures'
 15138 | Lair:6   | Found a viscous altar of Jiyva.
 15142 | Lair:6   | Killed a seven-headed hydra
 15443 | Lair:6   | XOM: confuse monster(s)
 15448 | Lair:6   | XOM: destruction
 15451 | Lair:6   | XOM: noise
 15452 | Lair:6   | XOM: mild Summ miscast
 15462 | Lair:6   | XOM: cast spell 'Shadow Creatures'
 15532 | Lair:6   | Reached skill level 13 in Fighting
 15556 | Lair:6   | XOM: noise
 15656 | Lair:6   | XOM: medium Tmut miscast
 15780 | Lair:6   | XOM: noise
 15793 | Lair:6   | XOM: cast spell 'Summon Dragon'
 15949 | Lair:6   | Found a large runed door.
 15950 | Lair:6   | Found a large runed door.
 16037 | Lair:6   | Noticed a fire dragon
 16114 | Lair:6   | Killed a fire dragon
 16114 | Lair:6   | Reached XP level 13. HP: 121/121 MP: 13/13
 16411 | D:9      | XOM: summons 6 hostile demons
 16629 | D:10     | Entered Level 10 of the Dungeon
 16629 | D:10     | Found a portal to a secret trove of treasure.
 16629 | D:10     | Noticed Gastronok
 16644 | D:10     | XOM: destruction
 16647 | D:10     | Killed Gastronok
 17002 | D:10     | XOM: scenery: create altars
 17242 | D:10     | XOM is BORED!
 17242 | D:10     | XOM: mild Erth miscast
 17728 | D:11     | XOM: god gift: scale mail {god gift}
 17749 | D:11     | Identified the +2 quarterstaff "Demon's Funeral" {flame, Str+3} (You found it on level 11 of the Dungeon)
 17774 | D:11     | XOM: enchant monster (good)
 17801 | D:11     | Found a staircase to the Orcish Mines.
 17964 | D:11     | XOM: give mutations
 17964 | D:11     | Gained mutation: Your flesh is heat resistant. (rF+) [Xom's grace]
 17964 | D:11     | Lost mutation: You are dopey. (Int -2) [Xom's grace]
 17964 | D:11     | Gained mutation: Your natural rate of healing is unusually fast. [Xom's grace]
 17989 | D:11     | Reached skill level 14 in Fighting
 18160 | D:11     | XOM: give mutation
 18160 | D:11     | Gained mutation: You are agile. (Dex +2) [Xom's grace]
 18237 | D:12     | Found Pameten's Distillery.
 18237 | D:12     | XOM: scenery: 1 doors open
 18238 | D:12     | Noticed Sonja
 18239 | D:12     | Noticed Fannar
 18262 | D:12     | Killed Fannar
 18264 | D:12     | Your ally died
 18270 | D:12     | Bought a potion of heal wounds for 85 gold pieces
 18270 | D:12     | Bought a potion of haste for 170 gold pieces
 18270 | D:12     | Bought a potion of curing for 51 gold pieces
 18270 | D:12     | Bought 2 potions of might for 136 gold pieces
 18270 | D:12     | Bought 2 potions of might for 136 gold pieces
 18270 | D:12     | Bought a potion of heal wounds for 85 gold pieces
 18270 | D:12     | Bought a potion of heal wounds for 85 gold pieces
 18288 | D:12     | Found a shattered altar of Ashenzari.
 18664 | D:5      | Got a pair of jewelled boots {god gift}
 18672 | D:5      | XOM: silly message
 18675 | D:5      | Identified the +2 pair of boots of Analysis {+Inv rPois rC++ Int+4} (Xom gifted it to you on level 5 of the Dungeon)
 18826 | D:11     | XOM: mild Conj miscast
 18853 | D:12     | XOM: god gift: 5 poisoned tomahawks
 19078 | D:12     | XOM: give mutations
 19078 | D:12     | Gained mutation: You have an increased reservoir of magic. (+10% MP) [Xom's grace]
 19078 | D:12     | Gained mutation: Your mind is acute. (Int +2) [Xom's grace]
 19078 | D:12     | Gained mutation: Your flesh is very heat resistant. (rF++) [Xom's grace]
 19142 | D:12     | XOM: god gift: 42 gold pieces
 19146 | D:12     | XOM: 2-stop teleportation journey
 19245 | D:12     | XOM: give mutations
 19245 | D:12     | Gained mutation: You are very agile. (Dex +4) [Xom's grace]
 19245 | D:12     | Gained mutation: Your flesh is very cold resistant. (rC++) [Xom's grace]
 19245 | D:12     | Gained mutation: Your spells are harder to cast, but more powerful. [Xom's grace]
 19245 | D:12     | Gained mutation: Your flesh is almost immune to the effects of cold. (rC+++) [Xom's grace]
 19265 | D:12     | You fall through a shaft for 2 floors!
 19271 | D:14     | XOM: fog
 19275 | D:14     | XOM: give mutation
 19275 | D:14     | Gained mutation: You passively map a small area around you. [Xom's grace]
 19313 | D:14     | XOM: 1-stop teleportation journey
 19327 | D:14     | XOM: swap monsters
 19392 | D:14     | XOM: give mutations
 19392 | D:14     | Lost mutation: You are very agile. (Dex +4) [Xom's mischief]
 19392 | D:14     | Lost mutation: Your movements are less encumbered by armour. (ER -4) [Xom's mischief]
 19392 | D:14     | Lost mutation: You are agile. (Dex +2) [Xom's mischief]
 19441 | D:14     | XOM: stat loss: -1 Int (19/20)
 19500 | D:14     | XOM: summons 4 hostile shadow creatures
 19506 | D:14     | XOM: harmless Pois miscast
 19507 | D:14     | XOM: summons 1 hostile demon
 19514 | D:14     | XOM: harmless Hex miscast
 19523 | D:14     | XOM: 1-stop teleportation journey
 19524 | D:14     | Noticed Louise
 19541 | D:14     | XOM: medium Summ miscast
 19542 | D:14     | XOM: swap monsters
 19546 | D:14     | XOM: divine lightning
 19547 | D:14     | Killed Louise
 19593 | D:13     | XOM: mild Chrm miscast
 19597 | D:13     | Reached XP level 14. HP: 49/133 MP: 16/16
 19745 | D:13     | Reached skill level 15 in Fighting
 19766 | D:13     | Got a crude copper ring
 19767 | D:13     | Identified the ring of Miracles {Fire -Tele Int+3 Dex+4 Slay+2} (You found it on level 13 of the Dungeon)
 19793 | D:13     | XOM: enchant monster (bad)
 19828 | D:13     | XOM: summons 2 hostile shadow creatures
 19936 | D:12     | XOM: medium Hex miscast
 20113 | D:13     | XOM: chaos upgrade
 20132 | D:13     | XOM: mild Erth miscast
 20181 | D:13     | XOM: harmless Pois miscast
 20186 | D:13     | XOM: mild Conj miscast
 20198 | D:13     | XOM: fog
 20209 | D:13     | Found Rihops's Book Shoppe.
 20545 | D:13     | XOM: polymorph unseen horror -> tarantella
 20768 | D:14     | Found a gate to the Vaults.
 20768 | D:14     | Noticed Urug
 20771 | D:13     | XOM: summons 3 friendly demons
 20789 | D:14     | Killed Urug
 20868 | D:14     | XOM: 2-stop teleportation journey
 20977 | D:14     | XOM: 2-stop teleportation journey
 21080 | D:14     | XOM: enchant monster (bad)
 21084 | D:14     | XOM: 4-stop teleportation journey
 21312 | D:14     | XOM: chaos cloud
 21318 | D:14     | XOM: summons 13 friendly demons
 21377 | D:14     | XOM: cast spell 'Summon Ice Beast'
 21414 | D:14     | Noticed a purple very ugly thing
 21417 | D:14     | Noticed a storm dragon
 21422 | D:14     | Killed a purple very ugly thing
 21424 | D:14     | Noticed a vampire knight
 21431 | D:14     | Killed a storm dragon
 21433 | D:14     | XOM: 1-stop teleportation journey
 21525 | D:14     | XOM: summons 1 hostile shadow creature
 21548 | D:14     | Noticed a storm dragon
 21551 | D:14     | Paralysed by a vampire knight for 6 turns
 21554 | D:14     | HP: 4/136 [vampire knight/broad axe of electrocution (10)]
 21555 | D:14     | Splashed by a brown ugly thing's acid

Skill      XL: |  1  2  3  4  5  6  7  8  9 10 11 12 13 14 |
---------------+-------------------------------------------+-----
Axes           | 4 5 6 7 8 10 11 12 13 14 | 14.9
Fighting       | 4 5 6 7 8 10 11 13 14 15 | 15.9
Armour         | 3 4 5 8 10 12 13 | 13.6
Dodging        | 2 3 5 6 8 9 11 13 14 | 14.0
Stealth        | 1 |  1.8
Evocations     | 1 2 4 |  4.0
Shields        | 5 6 |  6.1

Action                   |  1- 3 |  4- 6 |  7- 9 | 10-12 | 13-15 || total
-------------------------+-------+-------+-------+-------+-------++-------
Melee: Hand axe          |    83 |    68 |   280 |   527 |   669 ||  1627
       Headbutt          |    18 |    13 |    36 |   141 |   190 ||   398
       Morningstar       |       |       |       |     8 |    15 ||    23
Evoke: Wand              |       |       |    15 |    18 |     7 ||    40
  Use: Scroll            |     5 |     3 |     7 |     9 |    12 ||    36
       Potion            |     1 |     2 |     6 |     7 |     5 ||    21
 Stab: Confused          |       |       |     1 |     3 |       ||     4
       Sleeping          |       |       |     1 |     2 |       ||     3
       Distracted        |       |       |     1 |     1 |     2 ||     4
       Paralysed         |       |       |       |     3 |       ||     3
       Petrifying        |       |       |       |       |     1 ||     1
  Eat: Chunk             |    19 |     4 |    12 |    15 |    19 ||    69
       Ration            |       |       |       |     2 |       ||     2
Armor: Leather armour    |    26 |    14 |    36 |       |       ||    76
       Ring mail         |       |       |    28 |   128 |       ||   156
       Fire dragon scale |       |       |       |       |   152 ||   152
Dodge: Dodged            |    40 |    30 |   151 |   329 |   467 ||  1017
       Deflected         |       |       |       |     1 |    23 ||    24
Block: Buckler           |       |       |    21 |    93 |   157 ||   271
